Map: Void Training Stage 3

Players

ManlyManMeat - Winner!

  • Race: Zerg Zerg
  • Spawn Location: 12:00

Player 2

  • Race: Zerg Zerg
  • Spawn Location: 6:00

VOD

Have the link to the VOD?

Description

Time

  • Played on: Sept. 11, 2024, 4:02 a.m.
  • Length: 174:52
Show
View Real Time Build Order
Export as new Build Order

ManlyManMeat Zerg - Winner!

Build Orders: Hatch First 

Get SALT Encoding   

  12  0:01  Drone  
  13  0:08  Drone  
  14  0:18  Overlord  
  14  0:40  Drone x3  
  17  0:56  Hatchery  
  16  1:00  Drone  
  17  1:08  Drone  
  17  1:10  Extractor  
  17  1:22  Spawning Pool  
  16  1:29  Drone x2  
  18  1:37  Drone  
  19  1:48  Drone  
  20  1:57  Overlord  
  20  2:09  Queen  
  20  2:13  Queen  
  24  2:18  Drone x3  
  27  2:25  Zergling x2  
  28  2:30  Drone x2  
  30  2:43  Drone x2  
  32  2:54  Overlord  
  32  2:57  Zergling x2  
  33  3:07  Drone  
  33  3:10  Drone x2  
  36  3:13  Hatchery  
  36  3:16  Queen  
  36  3:19  Overlord  
  37  3:22  Drone x3  
  40  3:34  Zergling x2  
  40  3:35  Zergling x6  
  44  3:42  Drone x2  
  44  3:48  Overlord  
  46  3:49  Overlord  
  46  3:59  Extractor  
  46  4:02  Drone x2  
  47  4:03  Drone  
  48  4:15  Drone x6  
  54  4:27  Drone x2  
  54  4:28  Drone  
  57  4:39  Overlord  
  57  4:40  Overlord  
  57  4:41  Drone x7  
  64  4:51  Baneling Nest  
  63  4:53  Evolution Chamber  
  63  4:54  Drone x3  
  63  4:55  Evolution Chamber  
  64  5:20  Overlord  
  64  5:21  Overlord x2  
  64  5:22  Overlord  
  64  5:23  Zergling x16  
  64  5:27  Metabolic Boost  
  72  5:29  Zerg Melee Weapons Level 1, Zerg Ground Armor Level 1  
  72  5:30  Lair  
  72  5:47  Zergling x26  
  85  5:53  Hatchery  
  85  5:55  Drone  
  85  6:11  Drone x2  
  87  6:25  Zergling x30  
  80  6:42  Zergling x8  
  80  6:48  Zergling x4  
  82  6:55  Overlord  
  82  6:56  Overlord  
  82  6:58  Zergling x2  
  83  7:10  Queen  
  83  7:12  Zergling x10  
  90  7:26  Centrifugal Hooks, Zerg Melee Weapons Level 2  
  90  7:27  Zerg Ground Armor Level 2  
  90  7:37  Drone x14  
  104  7:46  Hatchery  
  104  7:47  Hatchery  
  104  7:48  Hatchery  
  101  7:58  Zergling x4  
  101  7:59  Zergling x12  
  101  8:01  Overlord  
  101  8:02  Overlord  
  101  8:03  Overlord  
  101  8:04  Overlord  
  101  8:05  Overlord x2  
  109  8:06  Zergling x10  
  109  8:11  Baneling x2  
  109  8:12  Baneling x5  
  114  8:14  Baneling x15  
  114  8:15  Baneling x2  
  114  8:30  Zergling x24  
  122  8:46  Zergling x20  
  130  8:49  Overlord  
  130  8:50  Overlord, Queen  
  129  8:57  Baneling x7  
  117  9:19  Zergling x16  
  117  9:20  Zergling x18  
Show
View Real Time Build Order
Export as new Build Order

Player 2 Zerg 

Build Orders: 1 Base Baneling Bust, Pool First 

Get SALT Encoding   

  12  0:00  Drone  
  13  0:12  Overlord  
  13  0:18  Drone  
  14  0:31  Drone  
  14  0:33  Drone  
  16  0:43  Spawning Pool  
  16  0:45  Drone  
  16  0:49  Drone  
  17  0:52  Extractor  
  17  0:56  Drone  
  17  1:06  Overlord  
  17  1:30  Queen  
  17  1:31  Zergling x2  
  20  1:36  Zergling x2  
  20  1:37  Roach Warren  
  20  1:38  Extractor, Drone  
  20  1:49  Drone  
  21  1:55  Baneling Nest  
  21  2:00  Drone  
  21  2:11  Drone  
  22  2:21  Zergling x2  
  23  2:32  Zergling x2  
  23  2:36  Overlord  
  24  2:37  Zergling x2  
  24  2:42  Zergling x2  
  26  2:47  Zergling x2  
  27  2:52  Baneling x3  
  27  2:54  Zergling x2  
  28  3:05  Zergling x2  
  29  3:10  Overlord, Zergling x2  
  30  3:15  Zergling x2  
  31  3:20  Baneling x2  
  31  3:21  Baneling, Zergling x2  
  32  3:29  Zergling x2  
  33  3:34  Evolution Chamber  
  33  3:40  Drone  
  33  3:43  Drone  
  33  3:46  Drone  
  35  3:51  Drone  
  36  4:02  Drone  
  37  4:13  Drone  
  37  4:16  Drone  
  39  6:03  Lair, Overlord, Roach  
  41  6:05  Spore Crawler, Drone  
  41  6:06  Spore Crawler  
  41  6:08  Drone, Evolution Chamber  
  41  6:11  Drone, Hatchery  
  41  6:14  Drone  
  41  6:21  Drone  
  41  6:22  Roach  
  44  6:28  Overlord  
  44  6:34  Ravager  
  44  6:35  Drone  
  44  6:38  Roach  
  40  6:45  Spine Crawler  
  34  6:51  Zergling x2  
  35  6:54  Spine Crawler  
  35  6:55  Drone  
  35  7:00  Overseer x2  
  35  7:03  Ravager  
  35  7:04  Hydralisk Den, Roach, Drone  
  35  7:07  Infestation Pit  
  35  7:08  Drone  
  38  7:09  Spire  
  38  7:11  Drone  
  38  7:21  Queen  
  40  7:25  Drone  
  40  7:29  Drone  
  42  7:32  Drone, Hydralisk  
  42  7:35  Drone  
  46  7:37  Drone  
  46  7:40  Drone  
  46  7:43  Drone  
  49  7:45  Hydralisk  
  49  7:50  Drone  
  52  7:55  Drone  
  52  7:57  Spore Crawler  
  52  7:58  Hydralisk, Drone  
  53  8:01  Drone  
  53  8:04  Drone  
  57  8:06  Drone  
  57  8:11  Spore Crawler  
  57  8:14  Drone  
  57  8:17  Drone  
  59  8:24  Overlord, Queen  
  59  8:26  Hydralisk, Drone  
  64  8:29  Drone  
  64  8:32  Drone  
  66  8:36  Drone  
  66  8:38  Spine Crawler  
  66  8:39  Drone  
  64  8:42  Zergling x2, Drone  
  46  8:51  Drone  
  46  8:55  Roach  
  34  8:58  Drone  
  31  9:07  Hydralisk  
  26  9:20  Drone  
Tags
 
Add a new tag
Caveats
  • Supply blocks, unpowered buildings, or Contaminate may cause inaccurate times.
  • Supply counts are checked every 10 seconds.